 Dungeon Crawl Stone Soup version 0.27-a0-343-gfcad680f63 (webtiles) character file.

Game seed: 9268438107222209588

186 tilp the Insei (level 5, -5/34 HPs)
             Began as an Octopode Transmuter on Feb 14, 2021.
             Was an Initiate of Okawaru.
             Splashed by Ijyb's acid (12 damage)
             ... on level 3 of the Dungeon.
             The game lasted 00:04:06 (3712 turns).

tilp the Insei (Octopode Transmuter)                Turns: 3712, Time: 00:04:08

Health: -5/34      AC: -3    Str:  9    XL:     5   Next: 66%
Magic:  7/8        EV: 13    Int: 17    God:    Okawaru [......]
Gold:   134        SH:  5    Dex: 12    Spells: 2/8 levels left

rFire    . . .     SeeInvis .     - Unarmed
rCold    . . .     Faith    .   (no shield)
rNeg     . . .     Spirit   .   (helmet restricted)
rPois    .         Reflect  +   a - amulet of reflection
rElec    .         Harm     .   (no ring)
rCorr    .         Rampage  .   (no ring)
Will     .....                  (no ring)
Stlth    +++.......             (no ring)
HPRegen  0.11/turn              (no ring)
MPRegen  0.11/turn              (no ring)
                                (no ring)
                                (no ring)

@: lethally poisoned (-5 -> -9), wereblooded (expiring), corroded
A: almost no armour, stealthy swim, amphibious, 8 rings, constrict 8, camouflage
1, gelatinous body 1
a: Renounce Religion


You were on level 3 of the Dungeon.
You worshipped Okawaru.
Okawaru was noncommittal.
You visited 1 branch of the dungeon, and saw 3 of its levels.

You collected 134 gold pieces.

Inventory:

Missiles
 f - 37 poisoned darts (quivered)
 g - 8 boomerangs of dispersal
 k - 4 boomerangs
Jewellery
 a - an amulet of reflection (around mantle)
 j - an amulet of magic regeneration
Scrolls
 b - 2 scrolls of immolation {unknown}
 c - 2 scrolls of enchant armour {unknown}
 d - a scroll of fear {unknown}
 m - a scroll of teleportation {unknown}
Potions
 e - 2 potions of cancellation {unknown}
 h - a potion of degeneration {unknown}
 i - a potion of resistance {unknown}
 l - a potion of curing {unknown}
 n - a potion of haste
 o - 2 potions of heal wounds {unknown}
 p - 2 potions of flight {unknown}


   Skills:
 - Level 2.0 Fighting
 - Level 2.0 Dodging
 - Level 4.0 Stealth
 + Level 5.0 Unarmed Combat
 - Level 2.0 Spellcasting
 - Level 2.0 Transmutations


You had 2 spell levels left.
You knew the following spells:

 Your Spells              Type           Power        Failure   Level
a - Beastly Appendage     Tmut           16%          9%          1
b - Wereblood             Tmut           8%           13%         2
c - Spider Form           Tmut/Pois      2%           36%         3

Your spell library contained the following spells:

 Spells                   Type           Power        Failure   Level
 Ice Form                 Ice/Tmut       5%           77%         4
 Blade Hands              Tmut           4%           93%         5


Dungeon Overview and Level Annotations

Branches:
Dungeon (3/15)

Altars:
Dithmenos
Hepliaklqana
Okawaru
Vehumet
Wu Jian
Xom
The Shining One

Annotations:
D:3 exclusion: 2 doors, Ijyb


Innate Abilities, Weirdness & Mutations

You cannot wear most types of armour.
You are very stealthy in the water. (Stealth+)
You are amphibious.
You can wear up to eight rings at the same time.
You can use your tentacles to constrict eight enemies at once.
Your skin changes colour to match your surroundings (Stealth+).
Your rubbery body absorbs attacks. (AC +1, EV +1)


Message History

The hobgoblin hits you.
The adder hisses angrily.
You tentacle-slap the hobgoblin. Your grab misses the hobgoblin.
Your tentacle spike misses the hobgoblin.
The hobgoblin is moderately wounded.
The hobgoblin barely misses you.
You barely miss the hobgoblin. You grab the hobgoblin.
You pierce the hobgoblin.
You kill the hobgoblin!
Okawaru accepts your kill.
Ijyb the Twisted Goblin comes into view.
She is wielding a +0 dagger and carrying a wand of acid (9).
Ijyb shouts!
A frilled lizard comes into view.
Found a spear.
Ijyb drinks a potion.
Ijyb seems to speed up.
You tentacle-slap the adder. You grab the adder.
The adder is lightly wounded.
Your tentacle spike disappears.
Your primal bloodlust is almost over.
You constrict the adder. You block the adder's attack.
You tentacle-slap the adder. x2
The adder is almost dead.
You constrict the adder. The adder bites you.
You are poisoned.
The adder poisons you!
You tentacle-slap the adder.
You kill the adder!
Okawaru accepts your kill.
You feel sick. Ijyb screams, "I dance on your bones!"
Your Unarmed Combat skill increases to level 5!
You aren't carrying any items that you can evoke.
Ijyb hits you but does no damage.
You see here an adder corpse.
You barely miss Ijyb. You grab Ijyb. Your squeeze misses Ijyb.
You constrict Ijyb, but do no damage.
You feel sick.
Ijyb zaps a wand.
The bolt of acid hits you!!
Ouch! That really hurt!
* * * LOW HITPOINT WARNING * * *
The acid corrodes you!
You are splashed with acid!
You die...

#....###.#
#.#.†...###.....##
#≈≈≈.
#.###.#.)†.###.....###
#≈.≈
#.....'...###.....###.
#≈.
##)...#..######+####..
#≈
#....#.###.#.....#...
# #....####..#..$.
##...###...'.[.$
#...##....#..$.
#..@#.....#g.
##.g#....####
#..'...### #..#..###.
#..#.###.. #..####l..
#..###.... #...####'#
#)........


You could see Ijyb (fast) and a frilled lizard.

Vanquished Creatures
  Natasha (D:3)
  An iguana (D:3)
  6 adders
  5 worms
  2 dart slugs
  A leopard gecko (D:2)
  An orc (D:3)
  3 giant cockroaches
  12 goblins
  7 hobgoblins
  6 kobolds
  2 ball pythons
  4 bats
  3 frilled lizards
  14 rats
68 creatures vanquished.

Notes
Turn   | Place    | Note
-------+----------+-------------------------------------------
     0 | D:1      | tilp the Octopode Transmuter began the quest for the Orb.
     0 | D:1      | Reached XP level 1. HP: 13/13 MP: 3/3
   136 | D:1      | Reached skill level 1 in Stealth
   188 | D:1      | Reached XP level 2. HP: 17/18 MP: 3/5
   191 | D:1      | Learned a level 2 spell: Wereblood
  1158 | D:2      | Reached XP level 3. HP: 18/23 MP: 3/6
  2171 | D:2      | Reached XP level 4. HP: 26/29 MP: 5/7
  2506 | D:2      | Found a radiant altar of Vehumet.
  2514 | D:2      | Found an ornate altar of the Wu Jian Council.
  2515 | D:2      | Found a glowing golden altar of the Shining One.
  2516 | D:2      | Found a shadowy altar of Dithmenos.
  2948 | D:2      | Learned a level 3 spell: Spider Form
  3018 | D:3      | Found an iron altar of Okawaru.
  3035 | D:3      | Found a shimmering altar of Xom.
  3036 | D:3      | Found a hazy altar of Hepliaklqana.
  3037 | D:3      | Noticed a spectral ugly thing
  3065 | D:3      | Became a worshipper of Warmaster Okawaru
  3123 | D:3      | Reached skill level 4 in Unarmed Combat
  3253 | D:3      | Noticed an ice beast
  3359 | D:3      | Reached XP level 5. HP: 21/34 MP: 6/8
  3582 | D:3      | Noticed Natasha
  3594 | D:3      | Killed Natasha
  3705 | D:3      | Noticed Ijyb
  3711 | D:3      | Reached skill level 5 in Unarmed Combat
  3712 | D:3      | Splashed by Ijyb's acid

Illustrated notes

Levels and vault maps discovered:
D:1:      amcnicky_arrival_underground_garden, layout_loops_ring, minivault_25,
          corexii_item_surrounded_by_moat, minmay_crystal_room
D:2:      layout_loops_corners, minitemple, minmay_goblin_kobold_house
D:3:      layout_rooms, regret_index_temple_of_mockery,
          overflow_temple_1_default, serial_rivers,
          chequers_serial_rivers_micro_a, chequers_serial_rivers_micro_d,
          chequers_serial_rivers_micro_d, chequers_serial_rivers_micro_d,
          minmay_quadrilaterals, uniq_ijyb, uniq_natasha

Skill      XL: |  1  2  3  4  5 |
---------------+----------------+-----
Stealth        | 2 4 |  4.0
Fighting       | 2 |  2.0
Unarmed Combat | 4 5 |  5.0
Dodging        | |  2.0
Spellcasting   | |  2.0
Transmutations | |  2.0

Action                   |  1- 3 |  4- 6 || total
-------------------------+-------+-------++-------
Melee: Unarmed           |    84 |    76 ||   160
       Constrict         |    22 |    25 ||    47
       Kick              |     8 |    17 ||    25
       Tentacles         |     9 |     6 ||    15
       Punch             |     2 |     1 ||     3
Throw: Dart              |       |    13 ||    13
 Cast: Beastly Appendage |     9 |    13 ||    22
       Wereblood         |     3 |     3 ||     6
 Stab: Sleeping          |    10 |     7 ||    17
Armor: Skin              |     5 |     2 ||     7
Dodge: Dodged            |    42 |    19 ||    61
Block: Other             |     1 |     9 ||    10

Table legend: (Time is in decaauts)
 A = Elapsed time spent in this place.
 B = Non-inter-level travel time spent in this place.
 C = Inter-level travel time spent in this place.
 D = Time resting spent in this place.
 E = Time spent auto-exploring this place.
 F = Levels seen in this place.
 G = Mean time per level.
                   A        B        C        D        E       F      G
               +--------+--------+--------+--------+--------+-----+--------+
         Total |   3702 |   3607 |     95 |    563 |   2479 |   3 | 1234.0 |
       Dungeon |   3702 |   3607 |     95 |    563 |   2479 |   3 | 1234.0 |
               +--------+--------+--------+--------+--------+-----+--------+

Top non-repeatable levels by time:
     D:2: 1966 daAuts
     D:1: 1007 daAuts
     D:3: 728 daAuts
